 Dungeon Crawl Stone Soup version 0.29.1-1-gd02db6906a (webtiles) character file.

Game seed: 439135795394048694

23 hawla the Conjurer (level 2, -1/20 HPs)
             Began as a Draconian Conjurer on Oct 21, 2022.
             Slain by a gnoll
             ... wielding a +0 spear
              (2 damage)
             ... on level 2 of the Dungeon.
             The game lasted 00:02:32 (1546 turns).

hawla the Conjurer (Draconian Conjurer)             Turns: 1546, Time: 00:02:32

Health: -1/20      AC:  7    Str:  9    XL:     2   Next: 75%
Magic:  5/5        EV: 12    Int: 18    God:
Gold:   119        SH:  0    Dex: 13    Spells: 2/5 levels left

rFire   . . .      SeeInvis .   h - +9 mace of Ashenzari's Outrage {pain, Dex+4}
rCold   . . .      Faith    .   (no shield)
rNeg    . . .      Spirit   .   (body armour unavailable)
rPois   .          Reflect  .   (helmet restricted)
rElec   .          Harm     .   e - +2 cloak
rCorr   .          Rampage  .   (no gloves)
Will    .....                   (no boots)
Stlth   ++........              (no amulet)
HPRegen 0.06/turn               (no ring)
MPRegen 0.09/turn               (no ring)

@: no status effects
A: AC +4, unfitting armour, cold-blooded
a: no special abilities


You were on level 2 of the Dungeon.
You visited 1 branch of the dungeon, and saw 2 of its levels.

You collected 119 gold pieces.

Inventory:

Hand Weapons
 h - the +9 mace of Ashenzari's Outrage (weapon) {pain, Dex+4}
   (You found it on level 2 of the Dungeon)

   In the hands of one skilled in necromantic magic, it inflicts extra damage on
   living creatures.
   Dex:       It affects your dexterity (+4).
Armour
 e - a +2 cloak (worn)
Scrolls
 b - 4 scrolls of identify
 f - a scroll of enchant armour
Potions
 a - 2 potions of magic
 c - a potion of lignification
 d - a potion of curing {unknown}


   Skills:
 - Level 1.8 Dodging
 - Level 1.7 Stealth
 - Level 2.4 Spellcasting
 - Level 4.5 Conjurations
 + Level 0.2 Necromancy


You had 2 spell levels left.
You knew the following spells:

 Your Spells              Type           Power      Damage    Failure   Level
a - Magic Dart            Conj           72%        1d6       2%          1
b - Searing Ray           Conj           36%        2d5       4%          2

Your spell library contained the following spells:

 Spells                   Type           Power      Damage    Failure   Level
 Dazzling Flash           Conj/Hex       20%        N/A       21%         3
 Fulminant Prism          Conj/Hex       5%         3d7       56%         4
 Iskenderun's Mystic Bla  Conj/Tloc      10%        2d4       56%         4


Dungeon Overview and Level Annotations

Branches:
Dungeon (2/15)

Altars:


Innate Abilities, Weirdness & Mutations

Your plain brown scales are hard. (AC +4)
You cannot fit into any form of body armour.
You are cold-blooded and may be slowed by cold attacks.


Message History

A goblin is nearby!
A goblin is nearby!
A goblin is nearby!
The goblin hits you with a +0 club.
You hit the goblin.
You kill the goblin!
No target in view!
No target in view!
HP restored.
Things that are here:
a +0 club; a goblin corpse
Found 7 stones.
A gnoll comes into view. It is wielding a +0 whip.
A gnoll is nearby!
A gnoll is nearby!
A gnoll is nearby! 2 gnolls come into view.
Found an amethyst potion.
The gnoll shouts! x3
A gnoll comes into view. It is wielding a +0 spear.
The gnoll hits you but does no damage. The gnoll hits you with a +0 whip!
The gnoll moves out of view.
You hit the gnoll.
Your tail-slap misses the gnoll.
The gnoll is moderately wounded.
The gnoll hits you from afar with a +0 spear.
The gnoll barely misses you. The gnoll closely misses you.
The gnoll hits you with a +0 whip.
* * * LOW HITPOINT WARNING * * *
The gnoll hits you from afar with a +0 spear.
* * * LOW HITPOINT WARNING * * *
The gnoll hits you from afar with a +0 spear.
* * * LOW HITPOINT WARNING * * *
Casting: Searing Ray (safe; 4% risk of failure)
Confirm with . or Enter, or press ? or * to list all spells.
You don't know that spell.
The air fills with toxic fumes!
As you read the scroll labelled XIF RULYRATSU, it crumbles to dust.
It was a scroll of poison.
The gnoll hits you from afar with a +0 spear.
You die... #.###### §§# #.# #§# #.# #§# ####.#### §§§ #.......# ##§######.......# # gg§

..##..#.##.# #. #g#
#.##..#.##.#
#..#@###.##....#..#
##§§§§§##.##...#...###
+§§§§§§§§§§.............
####§§§§§§§§##.......###
##§##§##§##.......#
#§..§##§####.#####
#§..§##.# #...#
#§..§##.# ##..#
#.#.###.# ##.#


You could see 3 gnolls.

Vanquished Creatures
  A dart slug (D:2)
  A ball python (D:1)
  A bat (D:1)
  2 endoplasms
  4 hobgoblins
  A kobold (D:1)
  A quokka (D:1)
  2 frilled lizards (D:1)
  3 goblins
  3 rats (D:1)
19 creatures vanquished.

Notes
Turn   | Place    | Note
-------+----------+-------------------------------------------
     0 | D:1      | hawla the Draconian Conjurer began the quest for the Orb.
     0 | D:1      | Reached XP level 1. HP: 14/14 MP: 3/3
   410 | D:1      | Reached XP level 2. HP: 20/20 MP: 0/5
   413 | D:1      | Learned a level 2 spell: Searing Ray
  1375 | D:2      | Identified the +9 mace of Ashenzari's Outrage {pain, Dex+4}
  1545 | D:2      | HP: 1/20 [gnoll/+0 spear (3)]
  1546 | D:2      | Slain by a gnoll

Illustrated notes

Levels and vault maps discovered:
D:1:      minmay_arrival_widening_spiral_wide, layout_basic, chequers_big_river
D:2:      layout_loops_corners

Action                   || total
-------------------------++-------
Melee: Unarmed           ||    11
       Tailslap          ||     2
       Mace              ||     2
 Cast: Magic Dart        ||    26
       Searing Ray       ||     2
  Use: Scroll            ||     4
Armor: Skin              ||     8
Dodge: Dodged            ||    16
